 Dungeon Crawl Stone Soup version 0.21.0-24-g2553a33 (webtiles) character file.

714 mopl the Firebug (level 7, 27/27 HPs)
             Began as a Felid Fire Elementalist on Jan 21, 2018.
             Was a Follower of Vehumet.
             Quit the game on level 5 of the Dungeon.
             The game lasted 00:13:51 (7335 turns).

mopl the Firebug (Felid Fire Elementalist)          Turns: 7335, Time: 00:13:52

Health: 27/27      AC:  2    Str:  4    XL:     7   Next: 41%
Magic:  16/16      EV: 18    Int: 18    God:    Vehumet [*.....]
Gold:   224        SH:  0    Dex: 17    Spells: 1/17 levels left
                                        Lives:  0   Deaths: 2

rFire    . . .     SeeInvis +   (weapon unavailable)
rCold    . . .     Gourm    .   (shield unavailable)
rNeg     . . .     Faith    .   (armour unavailable)
rPois    .         Spirit   .   (helmet unavailable)
rElec    .         Reflect  .   (cloak unavailable)
rCorr    .         Harm     .   (gloves unavailable)
MR       ++...                  (boots unavailable)
Stlth    +++.......             (no amulet)
HPRegen  0.09/turn              g - ring of protection from magic
MPRegen  0.15/turn              d - ring of flight

@: quick
A: very small, no armour, no weapons or thrown items, stealth, claws 1, fangs 3,
see invisible, carnivore, speed 1, shaggy fur 2, slow metabolism 1, sharp paws
a: Renounce Religion, Evoke Flight


You were on level 5 of the Dungeon.
You worshipped Vehumet.
Vehumet was aware of your devotion.
You were not hungry.

You visited 2 branches of the dungeon, and saw 7 of its levels.

You collected 224 gold pieces.

Inventory:

Jewellery
 d - a ring of flight (right paw)
 g - a ring of protection from magic (left paw)
Wands
 t - a wand of flame (18)
Scrolls
 c - 3 scrolls of teleportation {unknown}
 e - 2 scrolls of immolation {unknown}
 k - 4 scrolls of enchant armour {unknown}
 l - 4 scrolls of identify
 m - 2 scrolls of noise {unknown}
 n - a scroll of random uselessness {unknown}
 o - 2 scrolls of remove curse {unknown}
 r - a scroll of vulnerability {unknown}
 s - a scroll of fear {unknown}
Potions
 f - 3 potions of curing
 h - a potion of agility
 i - 2 potions of heal wounds
 j - a potion of brilliance
 q - a potion of invisibility
Books
 a - a book of Flames

   Spells                             Type                      Level
   a - Flame Tongue                   Conjuration/Fire             1
   b - Throw Flame                    Conjuration/Fire             2
   c - Conjure Flame                  Conjuration/Fire             3
   d - Inner Flame                    Hexes/Fire                   3
   e - Sticky Flame                   Conjuration/Fire             4
   f - Fireball                       Conjuration/Fire             5
Comestibles
 b - 8 rations
 p - 8 chunks of flesh


   Skills:
 - Level 2.6 Dodging
 - Level 2.6 Stealth
 + Level 5.8 Spellcasting
 + Level 5.5 Conjurations
 - Level 5.0 Hexes
 + Level 6.2 Fire Magic


You had one spell level left.
You knew the following spells:

 Your Spells              Type           Power        Failure   Level  Hunger
a - Flame Tongue          Conj/Fire      ####.        1%          1    None
c - Conjure Flame         Conj/Fire      ####....     3%          3    ##.....
d - Sticky Flame          Conj/Fire      ####....     11%         4    ####...
f - Fireball              Conj/Fire      ####......   30%         5    #####..
h - Inner Flame           Hex/Fire       ####....     3%          3    ##.....


Dungeon Overview and Level Annotations

Branches:
Dungeon (6/15)             Temple (1/1) D:4

Altars:
Hepliaklqana
Makhleb
Qazlal
Trog
Vehumet
Zin
The Shining One

Annotations:
D:5 Sigmund


Innate Abilities, Weirdness & Mutations

You cannot wear armour.
You are incapable of wielding weapons or throwing items.
Your paws allow you to move quietly. (Stealth)
You have sharp claws.
You have razor-sharp teeth.
You have supernaturally acute eyesight. (SInv)
You are carnivorous and can eat meat at any time.
You cover ground quickly.
You are covered in thick fur. (AC +2)
You have a slow metabolism.
Your sharp claws are effective at attacking unaware monsters.


Message History

There is an escape hatch in the ceiling here.
The wight hits you with an enchanted spear!
* * * LOW HITPOINT WARNING * * *
A mysterious force pulls you upwards. The hatch slams shut behind you.
Level annotation: Sigmund Unknown command.
Casting: Sticky Flame
Confirm with . or Enter, or press ? or * to list all spells.
Aiming: Sticky Flame
Press: ? - help, Shift-Dir - straight line, f - wight
Aim: a wight, wielding an enchanted spear and wearing a robe The sticky flame hits the wight.
The wight is lightly damaged.
The wight is covered in liquid flames!
The wight burns!
The wight hits you with an enchanted spear!
You die...
You feel drained.
You are now level 7!
You rejoin the land of the living...
Are you sure you want to abandon this character and quit the game? (Confirm with "yes".)

#.....#...# .#
##.....#
#######...#####.######
#.....#
#.......'..........#
#.....##
#.......####.......#
#.......
#.........##.......#
##......
#........)##.......#
#......
##.................#
##.#...
#...........(.....#
#.#...
#...........@.####
#..... #####...(.....#
##...[ #..........#
...>.. #..........#
....... .............#
........
#....<...........
........
#................
#...#.#'#'#......
.....#. ......


There were no monsters in sight!

Vanquished Creatures
  Pikel (D:3)
  Eustachio (D:5)
  Menkaure (D:5)
  An ice beast (D:4)
  2 slaves (D:4)
  2 ogres
  A bullfrog (D:5)
  A scorpion (D:2)
  A hound (D:5)
  An orc priest (D:4)
  3 jellies (D:5)
  A bullfrog skeleton (D:4)
  2 orc wizards (D:3)
  Natasha (thrice) (D:3)
  Terence (D:2)
  4 worker ants
  A howler monkey skeleton (D:5)
  8 adders
  An ooze (D:1)
  An adder skeleton (D:4)
  3 worms
  4 dart slugs
  A leopard gecko (D:2)
  9 orcs
  6 bats
  A giant cockroach (D:1)
  5 goblins
  5 hobgoblins
  19 jackals
  A quokka (D:3)
  5 frilled lizards
  6 kobolds
  6 rats
108 creatures vanquished.

Notes
Turn   | Place    | Note
-------+----------+-------------------------------------------
     0 | D:1      | mopl the Felid Fire Elementalist began the quest for the Orb.
     0 | D:1      | Reached XP level 1. HP: 7/7 MP: 4/4
    32 | D:1      | Reached skill level 1 in Conjurations
    94 | D:1      | Reached XP level 2. HP: 10/11 MP: 1/6
   201 | D:1      | Reached skill level 3 in Fire Magic
   569 | D:1      | Reached XP level 3. HP: 9/14 MP: 1/7
   595 | D:1      | Learned a level 3 spell: Conjure Flame
  1140 | D:2      | Noticed Terence
  1279 | D:2      | Noticed a scorpion
  1327 | D:2      | Killed Terence
  1327 | D:2      | Reached skill level 2 in Conjurations
  1327 | D:2      | Reached XP level 4. HP: 18/18 MP: 0/9
  1341 | D:1      | Learned a level 4 spell: Sticky Flame
  1463 | D:2      | Reached skill level 3 in Spellcasting
  1670 | D:2      | Reached XP level 5. HP: 21/21 MP: 8/10
  1734 | D:2      | Found a radiant altar of Vehumet.
  1734 | D:2      | Found a faded altar of an unknown god.
  1740 | D:2      | Found a stormy altar of Qazlal.
  1742 | D:2      | Found a glowing golden altar of the Shining One.
  1744 | D:2      | Found a faded altar of an unknown god.
  1754 | D:2      | Became a worshipper of Vehumet
  2068 | D:2      | Found a hazy altar of Hepliaklqana.
  2173 | D:3      | Found a burning altar of Makhleb.
  2413 | D:3      | Noticed Natasha
  2419 | D:3      | Killed Natasha
  3326 | D:3      | Reached skill level 3 in Conjurations
  3326 | D:3      | Reached skill level 4 in Fire Magic
  3708 | D:3      | Noticed Natasha
  3713 | D:3      | Killed Natasha
  3863 | D:3      | Learned a level 3 spell: Inner Flame
  3990 | D:3      | Gained mutation: You are covered in thick fur. (AC +2) [Felid growth]
  3990 | D:3      | Reached XP level 6. HP: 21/24 MP: 6/12
  4396 | D:3      | Noticed Natasha
  4410 | D:3      | Killed Natasha
  4839 | D:3      | Reached skill level 1 in Hexes
  5115 | D:4      | Reached * piety under Vehumet
  5115 | D:4      | Offered knowledge of Sting by Vehumet.
  5159 | D:4      | Reached skill level 4 in Spellcasting
  5159 | D:4      | Reached skill level 2 in Hexes
  5314 | D:4      | Noticed a slave
  5352 | D:4      | Killed a slave
  5419 | D:4      | Noticed a slave
  5420 | D:4      | Noticed a slave
  5467 | D:4      | Killed a slave
  5487 | D:4      | Found a staircase to the Ecumenical Temple.
  5491 | Temple   | Entered the Ecumenical Temple
  5576 | D:4      | Reached XP level 7. HP: 25/27 MP: 4/14
  5738 | D:4      | Reached skill level 3 in Hexes
  6209 | D:4      | Noticed Pikel
  6279 | D:3      | Slain by Pikel
  6280 | D:3      | Reached XP level 6. HP: 0/24 MP: 6/13
  6287 | D:3      | Killed Pikel
  6287 | D:3      | Reached skill level 5 in Spellcasting
  6287 | D:3      | Reached skill level 4 in Conjurations
  6287 | D:3      | Reached skill level 5 in Hexes
  6287 | D:3      | Reached skill level 5 in Fire Magic
  6287 | D:3      | Reached XP level 7. HP: 14/27 MP: 9/15
  6478 | D:5      | Entered Level 5 of the Dungeon
  6487 | D:5      | Noticed Menkaure
  6500 | D:5      | Killed Menkaure
  6553 | D:5      | Learned a level 5 spell: Fireball
  6790 | D:5      | Noticed Eustachio
  6796 | D:5      | Reached skill level 5 in Conjurations
  6796 | D:5      | Reached XP level 8. HP: 5/31 MP: 12/16
  7062 | D:5      | Killed Eustachio
  7145 | D:5      | Reached skill level 6 in Fire Magic
  7261 | D:5      | Noticed Sigmund
  7330 | D:6      | Found a glowing silver altar of Zin.
  7330 | D:6      | Found a bloodstained altar of Trog.
  7334 | D:5      | Mangled by a wight
  7335 | D:5      | Reached XP level 7. HP: -6/27 MP: 12/16
  7335 | D:5      | Quit the game

Skill      XL: |  1  2  3  4  5  6  7  8 |
---------------+-------------------------+-----
Conjurations   | 1 2 3 4 5 |  5.5
Fire Magic     | 3 4 5 6 |  6.2
Spellcasting   | 3 5 |  5.8
Hexes          | 5 3 |  5.0
Dodging        | |  2.6
Stealth        | |  2.6

Action                   |  1- 3 |  4- 6 |  7- 9 || total
-------------------------+-------+-------+-------++-------
Melee: Unarmed           |    28 |    25 |    26 ||    79
       Bite              |     1 |     5 |     2 ||     8
 Cast: Flame Tongue      |    67 |   127 |    29 ||   223
       Conjure Flame     |     1 |       |     1 ||     2
       Sticky Flame      |       |     6 |    12 ||    18
       Inner Flame       |       |       |     2 ||     2
  Use: Scroll            |     2 |     2 |     1 ||     5
       Potion            |       |     1 |       ||     1
 Stab: Sleeping          |     4 |     2 |     1 ||     7
  Eat: Chunk             |     9 |     8 |     9 ||    26
Armor: Skin              |     3 |     5 |     2 ||    10
Dodge: Dodged            |    39 |    89 |    35 ||   163
